Match 35829973
Unlisted

Match 35829973
End
Construct Section Command Post
Selects Indian Artillery Battlegroup
Infantry Section
ML 3-inch Mortar Team
Infantry Section
Royal Engineer Section
Selects Towed ML 4.2-inch Heavy Mortar
Construct Platoon Command Post
Towed ML 4.2-inch Heavy Mortar
Construct Company Command Post
Selects Off-map Airburst Barrage
Unlock M3 Grant Medium Tanks
Selects BL5.5 Artillery Emplacement
M3 Grant Medium Tank
Selects Valour
Royal Engineer Section
M3 Grant Medium Tank
Off-map Airburst Barrage
Grenade Package
Off-map Airburst Barrage
M3 Grant Medium Tank
Selects Gurkha Rifles Section
Armored Vehicle Training
Off-map Airburst Barrage
Selects Volunteer Infantry
M3 Grant Medium Tank
Off-map Airburst Barrage
Off-map Airburst Barrage
Off-map Airburst Barrage
Darkness
Redwarx
France
Smiley
matrix4x4
粉色上瘾
Cyka blyat
许聪聪
0
0

Comments sign in to comment!

No comments posted yet!